 Dungeon Crawl Stone Soup version 0.22-a0-612-gd2f0174 (webtiles) character file.

14147 Amnesiac the Nimble (level 11, -4/90 HPs)
             Began as a Mummy Wizard on July 12, 2018.
             Was a Believer of Sif Muna.
             Slain by a reaper
             ... wielding a +4 scythe
             ... summoned by the malice of Kikubaaqudgha
              (42 damage)
             ... on level 11 of the Dungeon.
             The game lasted 00:31:09 (14854 turns).

Amnesiac the Nimble (Mummy Wizard)                 Turns: 14854, Time: 00:31:09

Health: -4/90      AC:  6    Str: 11    XL:     11   Next: 84%
Magic:  1/34       EV: 20    Int: 21    God:    Sif Muna [**....]
Gold:   640        SH:  0    Dex: 10    Spells: 1/21 levels left

rFire    x x .     SeeInvis .   b - staff of power
rCold    + + +     Gourm    .   (no shield)
rNeg     + + +     Faith    .   A - +1 robe {rC+}
rPois    ∞         Spirit   .   e - +0 helmet
rElec    .         Reflect  .   t - +0 cloak
rCorr    .         Harm     .   m - +0 pair of gloves
MR       +....                  (no boots)
Stlth    ++........             (no amulet)
HPRegen  0.25/turn              y - +3 ring of evasion
MPRegen  0.24/turn              k - ring of ice

@: divine energy
A: no food or potions, fire vulnerability, cold resistance 1, negative energy
resistance 3, torment resistance, unbreathing
a: Stop Divine Energy, Renounce Religion


You were on level 11 of the Dungeon.
You worshipped Sif Muna.
Sif Muna was pleased with you.
You were not hungry.

You visited 2 branches of the dungeon, and saw 12 of its levels.
You also visited: Sewer.

You collected 640 gold pieces.

Inventory:

Hand Weapons
 a - a +2 dagger of electrocution
 q - a +0 glaive
 w - a +0 blowgun
Missiles
 n - 6 curare-tipped needles
Armour
 e - a +0 helmet (worn)
 m - a +0 pair of gloves (worn)
 t - a +0 cloak (worn)
 A - a +1 robe of cold resistance (worn)
Magical Staves
 b - an uncursed staff of power (weapon)
Jewellery
 c - an uncursed ring of ice
 k - a ring of ice (right hand)
 u - a +4 ring of strength
 v - a +3 ring of dexterity
 y - a +3 ring of evasion (left hand)
 E - an uncursed ring of positive energy {unknown}
Wands
 i - a wand of digging (9)
 p - a wand of paralysis (2)
 B - a wand of random effects (15)
 C - a wand of enslavement (10)
Scrolls
 d - 9 scrolls of teleportation {!r}
 f - 2 scrolls of identify {!r}
 g - 2 scrolls of enchant armour {!r}
 h - 3 scrolls of immolation {!r}
 j - a scroll of brand weapon {!r}
 l - a scroll of enchant weapon {!r, unknown}
 o - a scroll of fog {!r, unknown}
 r - 5 scrolls of remove curse {!r}
 s - 2 scrolls of amnesia {!r}
 x - 2 scrolls of fear {!r}
 z - a scroll of magic mapping {!r}
 D - a scroll of vulnerability {!r, unknown}


   Skills:
 - Level 10.1 Fighting
 - Level 11.3 Dodging
 - Level 1.5 Stealth
 + Level 5.8 Spellcasting
 * Level 5.8 Conjurations
 - Level 0.7 Summonings
 + Level 5.3 Necromancy
 - Level 0.7 Translocations


You had one spell level left.
You knew the following spells:

 Your Spells              Type           Power        Failure   Level  Hunger
a - Bolt of Draining      Conj/Necr      ####......   28%         5    N/A
b - Call Imp              Summ           #.......     11%         2    N/A
d - Dispel Undead         Necr           ####....     30%         5    N/A
e - Mephitic Cloud        Conj/Pois/Air  ##......     14%         3    N/A
s - Conjure Flame         Conj/Fire      ###.....     9%          3    N/A
v - Blink                 Tloc           N/A          11%         2    N/A

Your spell library contained the following spells:

 Spells                   Type           Power        Failure   Level  Hunger
 Magic Dart               Conj           ####         1%          1    N/A
 Slow                     Hex            #.......     16%         2    N/A
 Summon Small Mammal      Summ           #...         8%          1    N/A
 Animate Dead             Necr           N/A          11%         4    N/A
 Pain                     Necr           ####         1%          1    N/A
 Animate Skeleton         Necr           N/A          1%          1    N/A
 Vampiric Draining        Necr           ####......   3%          3    N/A
 Summon Ice Beast         Ice/Summ       ##......     65%         4    N/A
 Regeneration             Chrm/Necr      ###.......   10%         3    N/A
 Corpse Rot               Necr           N/A          1%          2    N/A
 Agony                    Necr           ####....     30%         5    N/A
 Call Canine Familiar     Summ           #.......     22%         3    N/A
 Summon Lightning Spire   Summ/Air       #.......     65%         4    N/A
 Summon Guardian Golem    Hex/Summ       #.......     26%         3    N/A
 Borgnjor's Vile Clutch   Necr/Erth      ###.......   67%         5    N/A

Dungeon Overview and Level Annotations

Branches:
Dungeon (11/15)            Temple (1/1) D:7            Lair (0/6) D:11
    Orc: D:9-12

Altars:
Ashenzari
Cheibriados
Dithmenos
Elyvilon
Fedhas
Gozag
Hepliaklqana
Kikubaaqudgha
Makhleb
Nemelex Xobeh
Okawaru
Qazlal
Ru
Sif Muna
Trog
Uskayaw
Vehumet
Wu Jian
Xom
Yredelemnul
Zin
The Shining One

Shops:
D:8 !


Innate Abilities, Weirdness & Mutations

You do not eat or drink.
Your flesh is vulnerable to fire.
You are immune to poison.
Your flesh is cold resistant. (rC+)
You are immune to negative energy. (rN+++)
You are immune to unholy pain and torment.
You can survive without breathing.


Message History

The yak is almost dead.
Casting: Bolt of Draining (quite dangerous; 28% risk of failure)
Confirm with . or Enter, or press ? or * to list all spells.
Aiming: Bolt of Draining (quite dangerous; 28% risk of failure)
Press: ? - help, Shift-Dir - straight line, f/p - yak
Aim: a yak (almost dead, lightly drained)
The bolt of negative energy hits the yak.
The yak is drained!
You kill the yak!
Sif Muna accepts your kill.
Casting: Bolt of Draining (quite dangerous; 28% risk of failure)
Confirm with . or Enter, or press ? or * to list all spells.
Aiming: Bolt of Draining (quite dangerous; 28% risk of failure)
Press: ? - help, Shift-Dir - straight line, f - yak
Aim: a yak The bolt of negative energy hits the yak.
The yak is drained!
The yak is moderately wounded.
Casting: Bolt of Draining (quite dangerous; 28% risk of failure)
Confirm with . or Enter, or press ? or * to list all spells.
Aiming: Bolt of Draining (quite dangerous; 28% risk of failure)
Press: ? - help, Shift-Dir - straight line, f/p - yak
Aim: a yak (moderately wounded, lightly drained)
The bolt of negative energy hits the yak.
The yak is drained!
The yak is almost dead.
Sif Muna grants you divine energy.
You briefly lose access to your magic!
You hear Kikubaaqudgha cackling.
Death has come for you...
You feel very uncomfortable.
The dead are walking! 2 zombies come into view.
You are unable to access your magic!
You are unable to access your magic!
You are unable to access your magic!
You regain access to your magic.
The reaper hits you with an enchanted scythe!!!
Ouch! That really hurt!
* * * LOW HITPOINT WARNING * * *
Unknown command.
Unknown command.
Unknown command.
Unknown command.
Unknown command.
Unknown command.
Unknown command.
Unknown command.
Unknown command.
Okay, then.
Unknown command.
Unknown command.
Unknown command.
Unknown command.
Unknown command.
Unknown command.
Unknown command.
The two-headed ogre zombie completely misses you.
The two-headed ogre zombie hits you!
* * * LOW HITPOINT WARNING * * *
Unknown command.
Unknown command.
Unknown command.
Unknown command.
The reaper hits you from afar with an enchanted scythe!!!
You die...

#.# #.# #.# #.# #.#
#.# #.# #.# Y.
#####.######.# ..
#.......>....# ..
#............# ..
####..#######...# ..
#.....# #@.<# ..
#.....# #Y..#
#'##.....# #.2Z#
....†....#######.Z.#
..>................#
..............######
..............#
####..........#
############


You could see a reaper, a yak, an orc zombie and a two-headed ogre zombie.

Vanquished Creatures
  Fannar (D:9)
  Harold (D:10)
  4 two-headed ogres
  Erica (D:8)
  An unseen horror (D:11)
  A cyclops (D:11)
  Psyche (D:8)
  Maurice (D:10)
  Joseph (D:8)
  A komodo dragon (D:11)
  A troll (D:9)
  3 slime creatures (D:10)
  Grinder (D:3)
  A hippogriff (D:9)
  A spriggan (D:8)
  4 wyverns
  A wraith (D:9)
  2 yaks (D:11)
  A hungry ghost (D:10)
  A soldier ant (D:10)
  Duvessa (D:5)
  5 ice beasts
  6 orc warriors
  4 ogres
  A necrophage (D:8)
  An elf zombie (D:10)
  5 centaurs
  A crocodile (D:11)
  The ghost of Hebeh the Magician, an amateur DEFE (D:3)
  5 bullfrogs
  2 big kobolds
  Dowan (D:5)
  2 scorpions
  A water moccasin skeleton (D:6)
  7 killer bees
  6 wights
  A howler monkey (D:9)
  A bullfrog zombie (D:8)
  2 centaur zombies
  5 crimson imps
  9 hounds
  2 centaur skeletons
  3 orc priests
  3 jellies
  14 orc wizards
  A bullfrog skeleton (D:7)
  An iguana (D:6)
  5 worker ants
  A killer bee zombie (D:9)
  A howler monkey zombie (D:10)
  Robin (D:2)
  4 gnolls (D:9)
  13 adders
  A steam dragon skeleton (D:9)
  2 shadow imps
  11 oozes
  2 adder skeletons
  3 worms
  2 dart slugs
  26 leopard geckos
  34 orcs
  7 ball pythons (Sewer)
  14 giant cockroaches
  16 goblins
  10 hobgoblins
  3 jackals (D:9)
  4 quokkas
  7 bats
  11 frilled lizards
  16 kobolds
  A leopard gecko skeleton (D:4)
  7 rats
322 creatures vanquished.

Vanquished Creatures (others)
  A plant (D:11)
1 creature vanquished.

Grand Total: 323 creatures vanquished

Notes
Turn   | Place    | Note
-------+----------+-------------------------------------------
     0 | D:1      | Amnesiac the Mummy Wizard began the quest for the Orb.
     0 | D:1      | Reached XP level 1. HP: 13/13 MP: 5/5
   102 | D:2      | Reached skill level 1 in Conjurations
   296 | D:1      | Reached XP level 2. HP: 19/20 MP: 4/7
   449 | D:1      | Learned a level 2 spell: Call Imp
   506 | D:2      | Reached skill level 1 in Fighting
   747 | D:3      | Noticed Grinder
   830 | D:4      | Reached XP level 3. HP: 24/26 MP: 8/8
   835 | D:4      | Learned a level 3 spell: Conjure Flame
   839 | D:4      | Learned a level 3 spell: Mephitic Cloud
   863 | D:5      | Entered Level 5 of the Dungeon
   882 | D:4      | Noticed an ogre
   890 | D:4      | Killed an ogre
   890 | D:4      | Reached XP level 4. HP: 34/34 MP: 0/10
   890 | D:4      | Reached XP level 5. HP: 39/39 MP: 0/11
   930 | D:4      | Found a white marble altar of Elyvilon.
  1180 | D:5      | Found a glowing drain.
  1219 | Sewer    | Entered a sewer
  1279 | Sewer    | Reached XP level 6. HP: 47/47 MP: 12/12
  1739 | Sewer    | Reached skill level 2 in Dodging
  1772 | Sewer    | Reached skill level 3 in Dodging
  1783 | Sewer    | Reached XP level 7. HP: 39/54 MP: 0/13
  1997 | D:5      | Learned a level 2 spell: Blink
  2734 | D:5      | Noticed Dowan
  2736 | D:5      | Noticed Duvessa
  2763 | D:5      | Killed Duvessa
  2764 | D:5      | Killed Dowan
  2764 | D:5      | Reached skill level 5 in Fighting
  3002 | D:6      | Found a stormy altar of Qazlal.
  3055 | D:6      | Reached skill level 4 in Dodging
  3560 | D:6      | Reached XP level 8. HP: 59/64 MP: 10/14
  3829 | D:6      | Reached skill level 5 in Dodging
  4255 | D:7      | Reached skill level 6 in Dodging
  4956 | D:7      | Reached skill level 7 in Dodging
  4986 | D:7      | Reached XP level 9. HP: 68/71 MP: 0/15
  5555 | D:7      | Found a staircase to the Ecumenical Temple.
  5591 | Temple   | Entered the Ecumenical Temple
  5788 | Temple   | Became a worshipper of Kikubaaqudgha
  6068 | D:3      | Killed Grinder
  6262 | D:3      | Found a large runed door.
  6262 | D:3      | Found a large runed door.
  6583 | D:3      | Noticed Hebeh's ghost (amateur DEFE)
  7109 | D:1      | Reached * piety under Kikubaaqudgha
  7109 | D:1      | Identified Kikubaaqudgha's Papyrus of Unholy Magic (Kikubaaqudgha gifted it to you on level 1 of the Dungeon)
  7109 | D:1      | Received a gift from Kikubaaqudgha
  7697 | D:2      | Noticed Robin
  7708 | D:2      | Killed Robin
  7974 | D:3      | Killed Hebeh's ghost
  7974 | D:3      | Reached skill level 8 in Dodging
  7995 | D:3      | You fall through a shaft for 3 floors!
  8171 | D:8      | Noticed Erica
  8171 | D:8      | Noticed Joseph
  8209 | D:8      | Killed Joseph
  8397 | D:8      | Noticed a two-headed ogre
  8415 | D:8      | Killed a two-headed ogre
  8415 | D:8      | Reached skill level 9 in Dodging
  8488 | D:8      | Killed Erica
  8488 | D:8      | Reached XP level 10. HP: 75/82 MP: 16/16
  8556 | D:8      | Reached ** piety under Kikubaaqudgha
  8568 | D:8      | Found a shadowy altar of Dithmenos.
  8571 | D:8      | Noticed Psyche
  8593 | D:8      | Killed Psyche
  8718 | D:8      | Found Girah's Distillery.
  8890 | D:8      | Reached skill level 10 in Dodging
  8892 | D:8      | Noticed a two-headed ogre
  9030 | D:8      | Killed a two-headed ogre
 10003 | D:9      | Noticed a two-headed ogre
 10184 | D:9      | Killed a two-headed ogre
 10322 | D:9      | Noticed a two-headed ogre
 10732 | D:9      | Reached skill level 11 in Dodging
 10735 | D:9      | Reached XP level 11. HP: 29/90 MP: 1/17
 11107 | D:10     | Entered Level 10 of the Dungeon
 11204 | D:9      | Killed a two-headed ogre
 11204 | D:9      | Reached skill level 10 in Fighting
 11516 | D:10     | Reached *** piety under Kikubaaqudgha
 11516 | D:10     | Identified Kikubaaqudgha's Reference Book on Evil (Kikubaaqudgha gifted it to you on level 10 of the Dungeon)
 11516 | D:10     | Received a gift from Kikubaaqudgha
 11635 | Temple   | Fell from the grace of Kikubaaqudgha
 11635 | Temple   | Became a worshipper of Sif Muna the Loreminder
 11752 | D:10     | Learned a level 5 spell: Bolt of Draining
 11756 | D:10     | Reached skill level 1 in Necromancy
 11793 | D:10     | Noticed Fannar
 11924 | D:9      | Killed Fannar
 12350 | D:10     | Noticed Maurice
 12478 | D:10     | Killed Maurice
 12478 | D:10     | Reached * piety under Sif Muna
 13078 | D:10     | Noticed Harold
 13174 | D:10     | Killed Harold
 13435 | D:11     | Noticed a skeletal warrior
 13435 | D:11     | Noticed a skeletal warrior
 13435 | D:11     | Noticed a skeletal warrior
 13435 | D:11     | Noticed a skeletal warrior
 13739 | D:11     | Reached skill level 5 in Conjurations
 14131 | D:11     | Found a staircase to the Lair.
 14154 | D:11     | Killed an unseen horror
 14154 | D:11     | Reached skill level 5 in Spellcasting
 14158 | D:11     | Reached skill level 5 in Necromancy
 14272 | D:11     | Reached ** piety under Sif Muna
 14669 | D:11     | Learned a level 5 spell: Dispel Undead
 14851 | D:11     | Noticed a reaper
 14854 | D:11     | Slain by a reaper

Vault maps used:
D:1:      sevenhm_arrival_forest_fort_large_2, minmay_split_cup_large
D:2:      first_ration, uniq_robin
D:3:      ebering_ghost_disaster_area, uniq_grinder
D:4:      elyvilon_altar_5
D:5:      gup_sewer_entry_pipe, serial_park_tiny_1, uniq_duvessa
D:6:      kennysheep_mini_moat
D:7:      minmay_temple_entry_hall
D:8:      serial_shops, shop_fountains, serial_glass, glass_columns_c,
          glass_columns_c, glass_columns_c, the_bakery,
          nicolae_dithmenos_shadow_blocks, uniq_erica, uniq_psyche, uniq_joseph
D:10:     uniq_harold, uniq_maurice, uniq_fannar
D:11:     david_lair_shrubbed
Temple:   minmay_crystal_snake_temple
Sewer:    sewer_frog_island_02

Skill      XL: |  1  2  3  4  5  6  7  8  9 10 11 |
---------------+----------------------------------+-----
Conjurations   | 1 2 3 4 5 |  5.8
Fighting       | 1 2 3 4 6 8 9 10 | 10.1
Dodging        | 3 4 7 9 11 | 11.3
Necromancy     | 5 |  5.3
Spellcasting   | 5 |  5.8
Stealth        | |  1.5
Summonings     | |  0.7
Translocations | |  0.7

Action                   |  1- 3 |  4- 6 |  7- 9 | 10-12 || total
-------------------------+-------+-------+-------+-------++-------
Melee: Unarmed           |    11 |       |       |       ||    11
       Dagger            |    17 |    31 |       |   322 ||   370
       Staff             |       |     2 |     7 |    12 ||    21
 Cast: Magic Dart        |    34 |   143 |   534 |   191 ||   902
       Mephitic Cloud    |     2 |     4 |    13 |    32 ||    51
       Conjure Flame     |       |       |    24 |    36 ||    60
       Blink             |       |       |     3 |    10 ||    13
       Bolt of Draining  |       |       |       |    18 ||    18
       Call Imp          |       |       |       |     3 ||     3
Invok: Divine Energy     |       |       |       |     1 ||     1
Evoke: Wand              |       |       |       |    38 ||    38
  Use: Scroll            |     3 |     1 |       |     8 ||    12
 Stab: Confused          |       |     1 |       |    10 ||    11
       Paralysed         |       |       |       |     9 ||     9
       Sleeping          |       |       |       |     1 ||     1
Armor: Robe              |     6 |     9 |     5 |    16 ||    36
       Leather armour    |       |       |    56 |    66 ||   122
Dodge: Dodged            |    26 |    52 |   146 |   433 ||   657

Table legend:
 A = Spawn XP
 B = Non-spawn XP
 C = Spawn XP percentage of total XP
 D = Spawn monster count
 E = Non-spawn monster count
 F = Spawn count percentage of total count
 G = Total turns spent on level
                    A         B        C        D         E        F      G
               +---------+---------+-------+---------+---------+-------+---------
         Total |       0 |   20211 |   0.0 |       0 |     317 |   0.0 | 14854
               +---------+---------+-------+---------+---------+-------+---------
           D:1 |       0 |      52 |   0.0 |       0 |      31 |   0.0 |  1182
           D:2 |       0 |     101 |   0.0 |       0 |      30 |   0.0 |   614
           D:3 |       0 |     490 |   0.0 |       0 |      14 |   0.0 |  1083
           D:4 |       0 |     394 |   0.0 |       0 |      12 |   0.0 |   708
           D:5 |       0 |     310 |   0.0 |       0 |      13 |   0.0 |   854
           D:6 |       0 |     718 |   0.0 |       0 |      18 |   0.0 |  1434
           D:7 |       0 |    1435 |   0.0 |       0 |      38 |   0.0 |  1399
           D:8 |       0 |    5010 |   0.0 |       0 |      25 |   0.0 |  1905
           D:9 |       0 |    5171 |   0.0 |       0 |      42 |   0.0 |  2270
          D:10 |       0 |    3526 |   0.0 |       0 |      23 |   0.0 |  1887
          D:11 |       0 |    2629 |   0.0 |       0 |      17 |   0.0 |   550
         Sewer |       0 |     375 |   0.0 |       0 |      54 |   0.0 |   672
               +---------+---------+-------+---------+---------+-------+---------
